 Dungeon Crawl Stone Soup version 0.18-a0-912-g81d1dc4 (webtiles) character file.

41 M4edhros the Charlatan (level 3, 0/23 HPs)
             Began as an Octopode Artificer on Dec 25, 2015.
             Succumbed to an adder's poison
             ... on level 5 of the Dungeon.
             The game lasted 00:04:16 (1561 turns).

M4edhros the Charlatan (Octopode Artificer)         Turns: 1561, Time: 00:04:16

Health: 0/23       AC:  1    Str: 13    XL:     3   Next: 52%
Magic:  5/5        EV: 13    Int: 15    God:
Gold:   40         SH:  0    Dex: 12    Spells: 0 memorised, 2 levels left

rFire  + . .     SeeInvis .     r - +0 trident (venom)
rCold  + . .     Gourm    .     (no shield)
rNeg   . . .     Faith    .     (helmet restricted)
rPois  +         Spirit   .     (no amulet)
rElec  +         Dismiss  .     g - ring of protection from magic
rCorr  +         Reflect  .     n - +3 ring of strength
SustAt .         Harm     .     (no ring)
MR     +....                    (no ring)
Stlth  +++.......               (no ring)
                                (no ring)
                                (no ring)
                                (no ring)

@: lethally poisoned (0 -> -4), resistant, very slightly contaminated, hasted,
drained, very quick, somewhat resistant to hostile enchantments, fairly stealthy
A: almost no armour, amphibious, 8 rings, constrict 8, camouflage 1, gelatinous
body 1
a: no special abilities


You were on level 5 of the Dungeon.
You were hungry.

You visited 1 branch of the dungeon, and saw 5 of its levels.

You collected 40 gold pieces.

Inventory:

Hand Weapons
 a - a +0 short sword
 j - a cursed -2 spear
 o - a +1 mace of crushing
 p - a +2 short sword of draining
 r - a +0 trident of venom (weapon)
Jewellery
 g - a ring of protection from magic (left tentacle)
 n - a +3 ring of strength (right tentacle)
Wands
 b - a wand of flame (13/48)
 c - a wand of enslavement (12/24)
 d - a wand of random effects (15/48)
 q - a wand of magic darts (30/48)
Scrolls
 h - 3 scrolls of identify {unknown}
 i - a scroll of magic mapping {unknown}
 s - a scroll of noise {unknown}
 u - a scroll of enchant weapon {unknown}
Comestibles
 f - 4 bread rations
 l - 2 slices of pizza


   Skills:
 - Level 1.0(0.9) Fighting
 - Level 1.0(0.9) Short Blades
 * Level 2.9(2.8) Dodging
 * Level 2.6(2.5) Stealth
 + Level 3.8(3.7) Evocations


You had 2 spell levels left.
You didn't know any spells.

Dungeon Overview and Level Annotations

Branches:
Dungeon (5/15)
 Temple: D:4-7

Altars:
Gozag
Vehumet
Yredelemnul

Annotations:
D:4 Robin


Innate Abilities, Weirdness & Mutations

You cannot wear most types of armour.
You are amphibious.
You can wear up to eight rings at the same time.
You can use your tentacles to constrict eight enemies at once.
Your skin changes colour to match your surroundings (Stealth).
Your rubbery body absorbs attacks (AC +1).


Message History

Drink which item? (? for menu, Esc to quit)
It was a potion of haste.
You feel yourself speed up. The goblin hits you with a club.
* * * LOW HITPOINT WARNING * * *
You are very lightly contaminated with residual magic.
Drink which item? (? for menu, Esc to quit)
It was a potion of magic.
Magic courses through your body. The goblin misses you.
You hit the goblin.
You kill the goblin!
* * * LOW HITPOINT WARNING * * *
You feel sick. What do you say? t - Shout!
Orders for allies: a - Attack new target. r - Retreat! s - Stop attacking. w - Wait here. f - Follow me.
Anything else - Stay silent.
Wait here!
You die...

########
#.@.......
####.#.#.##
.#.# # .#.#
.# .# .# .#


There were no monsters in sight!

Vanquished Creatures
  A worm (D:3)
  2 giant geckos (D:1)
  4 orcs
  2 ball pythons (D:3)
  2 hobgoblins
  3 bats (D:3)
  4 giant newts (D:1)
  7 goblins
  3 kobolds
  A rat (D:3)
29 creatures vanquished.

Vanquished Creatures (collateral kills)
  A giant gecko (D:5)
  A giant newt (D:1)
2 creatures vanquished.

Vanquished Creatures (others)
  A giant gecko (D:1)
  A giant newt (D:1)
2 creatures vanquished.

Grand Total: 33 creatures vanquished

Notes
Turn   | Place    | Note
--------------------------------------------------------------
     0 | D:1      | M4edhros the Octopode Artificer began the quest for the Orb.
     0 | D:1      | Reached XP level 1. HP: 13/13 MP: 3/3
   137 | D:1      | Reached XP level 2. HP: 8/18 MP: 4/4
   594 | D:2      | Found an opulent altar of Gozag.
   614 | D:3      | Found a radiant altar of Vehumet.
  1050 | D:3      | Reached XP level 3. HP: 11/23 MP: 5/5
  1522 | D:4      | Noticed Robin
  1526 | D:4      | Found a basalt altar of Yredelemnul.
  1528 | D:5      | Entered Level 5 of the Dungeon
  1555 | D:5      | HP: 1/23 [poisoned by an adder]
  1561 | D:5      | Succumbed to an adder's poison

Vault maps used:
D:1:      dpeg_arrival_another_circle, minmay_newt_pond
D:2:      overflow_temple_1_default
D:3:      vehumet_altar_wand_db
D:4:      yredelemnul_altar_generic, minmay_temple_entry_large_hall,
          first_bread, serial_shops, nicolae_shop_waterfront, uniq_robin
D:5:      grunt_temple_overflow_order_and_chaos_2, kennysheep_mini, basic_altar

Action                   || total
-------------------------++-------
Melee: Short sword       ||    24
       Trident           ||    33
       Mace              ||     2
Evoke: Wand              ||     5
  Use: Potion            ||     4
 Stab: Sleeping          ||    12
       Distracted        ||     1
  Eat: Chunk             ||     1
